 Dungeon Crawl Stone Soup version 0.24.0-125-gc4c63601f3 (webtiles) character file.

Game seed: 16433631914269260909, levelgen mode: deterministic

16 AuftragZ the Charmwright (level 2, 0/25 HPs)
             Began as a Draconian Skald on Feb 15, 2020.
             Slain by a rat (1 damage)
             ... on level 1 of the Dungeon on Feb 29, 2020.
             The game lasted 00:02:48 (728 turns).

AuftragZ the Charmwright (Draconian Skald)           Turns: 728, Time: 00:02:49

Health: 0/25       AC:  4    Str: 13    XL:     2   Next: 41%
Magic:  1/5        EV: 12    Int: 13    God:
Gold:   14         SH:  0    Dex: 10    Spells: 0/5 levels left

rFire    . . .     SeeInvis .   a - +0 short sword
rCold    . . .     Gourm    .   (no shield)
rNeg     . . .     Faith    .   (armour unavailable)
rPois    .         Spirit   .   (helmet restricted)
rElec    .         Reflect  .   (no cloak)
rCorr    .         Harm     .   (no gloves)
MR       .....                  (no boots)
Stlth    +.........             (no amulet)
HPRegen  0.08/turn              (no ring)
MPRegen  0.09/turn              (no ring)

@: very slightly contaminated
A: unfitting armour, cold-blooded, AC +4
a: no special abilities


You were on level 1 of the Dungeon.
You were not hungry.

You visited 1 branch of the dungeon, and saw 1 of its levels.

You collected 14 gold pieces.

Inventory:

Hand Weapons
 a - a +0 short sword (weapon)
Scrolls
 b - a scroll of magic mapping {unknown}
Potions
 d - a potion of heal wounds {unknown}
Comestibles
 c - a ration


   Skills:
 + Level 2.5 Fighting
 + Level 2.1 Short Blades
 + Level 2.2 Dodging
 + Level 2.1 Spellcasting
 + Level 3.0 Charms


You couldn't memorise any spells.
You knew the following spells:

 Your Spells              Type           Power        Failure   Level  Hunger
a - Infusion              Chrm           #...         7%          1    ##.....
b - Song of Slaying       Chrm           #.......     11%         2    ###....
c - Shroud of Golubria    Chrm/Tloc      #.....       21%         2    ###....

Your spell library contained the following spells:

 Spells                   Type           Power        Failure   Level  Hunger
 Regeneration             Chrm/Necr      #.........   38%         3    ####...
 Spectral Weapon          Hex/Chrm       #.......     38%         3    ####...


Dungeon Overview and Level Annotations

Branches:
Dungeon (1/15)

Altars:


Innate Abilities, Weirdness & Mutations

Your plain brown scales are hard. (AC +4)
You cannot fit into any form of body armour.
You are cold-blooded and may be slowed by cold attacks.


Message History

The gnoll hits you from afar with a +0 spear!
Your shroud falls apart!
The bat hits you but does no damage.
You hit the bat.
The bat is severely wounded.
The bat closely misses you. The gnoll misses you. The bat misses you.
The bat barely misses you.
The gnoll hits you from afar with a +0 spear.
* * * LOW HITPOINT WARNING * * *
You hit the bat but do no damage.
The bat is severely wounded.
The bat hits you but does no damage.
The gnoll hits you from afar with a +0 spear.
* * * LOW HITPOINT WARNING * * *
You hit the rat but do no damage. The bat barely misses you.
The bat completely misses you.
The gnoll hits you from afar with a +0 spear.
* * * LOW HITPOINT WARNING * * *
The rat bites you.
You die...

........ ...####
......#####' .......
....# ####. ....... ...#
###.... ...... ..#
##...... .....####..#
##....### #.g......#
#...##### #..b....#
##..##.... #.r@.%..#
#...#..##' #.......#
#..##.##.. ... #.......#
#..##.##.< ...##.....%.#
#..##.##.. ............#
#...#..###
........###.####..##....
........# #..# #...####.
........# #..# ##....##'
.#......###..## ##......


You could see a gnoll, a bat and a rat.

Vanquished Creatures
  A ball python (D:1)
  A bat (D:1)
  A giant cockroach (D:1)
  3 goblins (D:1)
  A hobgoblin (D:1)
  2 jackals (D:1)
  2 frilled lizards (D:1)
  A kobold (D:1)
  3 rats (D:1)
15 creatures vanquished.

Notes
Turn   | Place    | Note
-------+----------+-------------------------------------------
     0 | D:1      | AuftragZ the Draconian Skald began the quest for the Orb.
     0 | D:1      | Reached XP level 1. HP: 17/17 MP: 3/3
   547 | D:1      | Reached XP level 2. HP: 23/24 MP: 5/5
   549 | D:1      | Reached skill level 3 in Charms
   554 | D:1      | Learned a level 2 spell: Song of Slaying
   557 | D:1      | Learned a level 2 spell: Shroud of Golubria
   719 | D:1      | Upgraded the game from 0.24.0-124-g2791043dd8 to
                  | 0.24.0-125-gc4c63601f3
   728 | D:1      | HP: 1/25 [gnoll/+0 spear (2)]
   728 | D:1      | Slain by a rat

Levels and vault maps discovered:
D:1:      dpeg_arrival_concentric_ovals, layout_basic, minmay_tripent

Skill      XL: |  1  2 |
---------------+-------+-----
Charms         | 3 |  3.0
Fighting       | |  2.5
Short Blades   | |  2.1
Dodging        | |  2.2
Spellcasting   | |  2.1

Action                   || total
-------------------------++-------
Melee: Short sword       ||    58
       Tailslap          ||     8
 Cast: Shroud of Golubri ||     2
  Use: Scroll            ||     1
Armor: Skin              ||    25
Dodge: Dodged            ||    53
